 Dungeon Crawl Stone Soup version 0.31-a0-182-gc5ef74bbde (webtiles) character file.

Game seed: 7664119872058386648

501 qw the Chopper (level 7, -4/44 HPs)
             Began as a Gargoyle Fighter on June 20, 2023.
             Slain by Pikel
             ... wielding a +2 whip of flaming
              (10 damage)
             ... on level 5 of the Dungeon.
             The game lasted 00:01:39 (3465 turns).

qw the Chopper (Gargoyle Fighter)                   Turns: 3465, Time: 00:01:40

Health: -4/44      AC: 15    Str: 22    XL:     7   Next: 17%
Magic:  7/7        EV: 13    Int:  8    God:
Gold:   161        SH:  4    Dex:  9    Spells: 6/6 levels left

rFire   . . .        Y - +1 war axe
rCold   . . .        c - +0 buckler
rNeg    + . .        e - +0 chain mail
rPois   inf          (no helmet)
rElec   +            (no cloak)
rCorr   .            (no gloves)
SInv    +            g - +0 pair of boots
Will    .....        h - amulet of faith Stlth
                     k - +5 ring of evasion
HPRegen 0.27/turn    n - ring of see invisible
MPRegen 0.10/turn

%: faith
@: no status effects
A: sickness immunity, AC +4, negative energy resistance 1, electricity
resistance, torment resistance 1, petrification resistance
a: no special abilities


You were on level 5 of the Dungeon.
You visited 1 branch of the dungeon, and saw 5 of its levels.

You collected 161 gold pieces.


Innate Abilities, Weirdness & Mutations

You are immune to sickness and miasma.
Your stone body is resilient. (AC +4)
You are immune to poison.
You resist negative energy. (rN+)
You are resistant to electric shocks. (rElec)
You are resistant to unholy torment.
You are immune to petrification.


   Skills:
 - Level 4.5 Fighting
 - Level 6.2 Axes
 - Level 3.2 Armour
 + Level 0.9 Dodging
 - Level 3.2 Shields


You had 6 spell levels left.
You didn't know any spells.
Your spell library was empty.

Inventory:

Hand Weapons
 j - a +0 whip
 Y - a +1 war axe (weapon)
Armour
 c - a +0 buckler (worn)
 e - a +0 chain mail (worn)
 g - a +0 pair of boots (worn)
Jewellery
 h - an amulet of faith (around neck)
 k - a +5 ring of evasion (left hand)
 n - a ring of see invisible (right hand)
 o - a +6 ring of dexterity
 r - a ring of willpower
Scrolls
 a - a scroll of identify
Potions
 b - a potion of enlightenment
 d - a potion of might
 f - a potion of degeneration {unknown}
 i - a potion of curing {unknown}
 m - a potion of mutation {unknown}
 p - a potion of haste {unknown}
 q - a potion of ambrosia {unknown}

Dungeon Overview and Level Annotations

Branches:
Dungeon (5/15)
 Temple: D:4-7

Altars:
Fedhas
Wu Jian

Annotations:
D:5 Pikel


Message History

The lemure closely misses you.
You miss the lemure.
The lemure is almost dead.
You hear the slow rusting of a very distant drain.
The lemure hits you.
You slash the lemure!
You kill the lemure!
That felt strangely unrewarding.
The lemure barely misses you.
You completely miss the lemure. The lemure closely misses you.
You barely miss the lemure. The lemure closely misses you.
You barely miss the lemure. The lemure barely misses you.
You hit the lemure.
The lemure is lightly wounded.
The lemure hits you!
You barely miss Pikel.
Pikel hits you with a +2 whip of flaming!
Pikel burns you.
You hit Pikel.
Pikel is lightly wounded.
Pikel hits you with a +2 whip of flaming.
Pikel burns you.
You hit Pikel but do no damage.
Pikel is lightly wounded.
Pikel hits you but does no damage.
You hit Pikel.
Pikel is lightly wounded.
Pikel hits you with a +2 whip of flaming!
Pikel burns you.
You slice Pikel!!
Pikel is severely wounded.
Pikel hits you with a +2 whip of flaming.
Pikel burns you.
You barely miss Pikel.
Pikel is severely wounded.
Pikel hits you with a +2 whip of flaming!
You die...

######### #.......#
#.#####.# #.# #.#
##############.#####.#
...555K@......>#.....#
.###############.#####
#...# #.##### #.#...#
#.#<#.# #.###.#
#.....# #######


You could see Pikel and 3 lemures.

Vanquished Creatures
  Eustachio (D:4)
  An ogre (D:4)
  A lemure (D:5)
  A howler monkey (D:4)
  Jessica (D:2)
  Terence (D:3)
  An iguana (D:4)
  An orc wizard (D:4)
  3 adders
  3 worms
  A dart slug (D:3)
  4 orcs (D:4)
  4 bats (D:1)
  8 endoplasms
  A giant cockroach (D:2)
  9 hobgoblins
  8 jackals
  8 kobolds
  3 quokkas
  13 ball pythons
  5 frilled lizards
  8 goblins
  6 rats
92 creatures vanquished.

Notes
Turn   | Place    | Note
-------+----------+-------------------------------------------
     0 | D:1      | qw the Gargoyle Fighter began the quest for the Orb.
     0 | D:1      | Reached XP level 1. HP: 14/14 MP: 1/1
     0 | D:1      | 0 ||| qw: Version: 0.3-a-9-g12657ce
     0 | D:1      | 0 ||| qw: Game counter: 1452
     0 | D:1      | 0 ||| qw: Always use a shield: true
     0 | D:1      | 0 ||| qw: God list: Okawaru
     0 | D:1      | 0 ||| qw: Allow faded altars: false
     0 | D:1      | 0 ||| qw: Do Orc after D:15 true
     0 | D:1      | 0 ||| qw: Do second Lair branch before Depths: true
     0 | D:1      | 0 ||| qw: Lair rune preference: random
     0 | D:1      | 0 ||| qw: Plans: Normal, Zot:1-4, Slime:5, God:TSO, Crypt,
                  | Tomb, Abyss, Pan, Hells, Win
     0 | D:1      | 0 ||| PLANNING D:1-11
    38 | D:1      | Reached skill level 2 in Axes
    41 | D:1      | Reached XP level 2. HP: 12/19 MP: 2/2
   248 | D:1      | 248 ||| Stepping ~*~*~tactically~*~*~ (stealth).
   275 | D:1      | Reached skill level 3 in Axes
   306 | D:1      | Reached XP level 3. HP: 23/23 MP: 3/3
   455 | D:1      | 455 ||| UPGRADING to +0 pair of boots.
   460 | D:1      | 460 ||| UPGRADING to +5 ring of evasion.
   461 | D:1      | 461 ||| READING scroll labelled QERRELEXZE.
   462 | D:1      | 462 ||| READING scroll labelled QEIHESY TAUZI.
   466 | D:1      | 466 ||| READING scroll labelled CEDWAX VIDAU.
   527 | D:2      | 527 ||| Stepping ~*~*~tactically~*~*~ (stealth).
   528 | D:2      | 528 ||| Stepping ~*~*~tactically~*~*~ (stealth).
   529 | D:2      | 529 ||| Stepping ~*~*~tactically~*~*~ (stealth).
   530 | D:2      | 530 ||| Stepping ~*~*~tactically~*~*~ (stealth).
   531 | D:2      | 531 ||| Stepping ~*~*~tactically~*~*~ (stealth).
   533 | D:2      | 533 ||| Stepping ~*~*~tactically~*~*~ (stealth).
   778 | D:2      | Noticed Jessica
   779 | D:2      | 779 ||| Stepping ~*~*~tactically~*~*~ (hiding).
   786 | D:2      | Killed Jessica
   787 | D:2      | Reached XP level 4. HP: 25/28 MP: 4/4
   842 | D:2      | Reached skill level 4 in Axes
  1003 | D:2      | Found an ornate altar of the Wu Jian Council.
  1144 | D:2      | Found a faded altar of an unknown god.
  1152 | D:2      | 1152 ||| Stepping ~*~*~tactically~*~*~ (stealth).
  1161 | D:2      | 1161 ||| Stepping ~*~*~tactically~*~*~ (stealth).
  1194 | D:2      | 1194 ||| DROPPING +0 club.
  1227 | D:2      | 1227 ||| UPGRADING to +0 chain mail.
  1237 | D:2      | 1237 ||| DROPPING +0 scale mail.
  1238 | D:2      | 1238 ||| UPGRADING to amulet of faith.
  1279 | D:3      | Noticed Terence
  1280 | D:3      | 1280 ||| Stepping ~*~*~tactically~*~*~ (stealth).
  1287 | D:3      | Killed Terence
  1289 | D:3      | Reached XP level 5. HP: 27/32 MP: 5/5
  1759 | D:3      | 1759 ||| Stepping ~*~*~tactically~*~*~ (hiding).
  2152 | D:3      | 2152 ||| UPGRADING to +6 ring of dexterity.
  2153 | D:3      | 2153 ||| UPGRADING to ring of see invisible.
  2155 | D:3      | 2155 ||| READING scroll labelled JANEF DIGU.
  2156 | D:3      | 2156 ||| DRINKING 2 murky inky potions.
  2260 | D:3      | 2260 ||| DROPPING potion of berserk rage.
  2527 | D:4      | Noticed an ogre
  2537 | D:4      | Reached skill level 5 in Axes
  2542 | D:4      | Killed an ogre
  2543 | D:4      | Reached XP level 6. HP: 39/39 MP: 6/6
  2740 | D:4      | Noticed Eustachio
  2783 | D:4      | Killed Eustachio
  2784 | D:4      | Reached skill level 6 in Axes
  2784 | D:4      | Reached XP level 7. HP: 14/44 MP: 7/7
  2901 | D:4      | Found a blossoming altar of Fedhas.
  3327 | D:4      | 3327 ||| Stepping ~*~*~tactically~*~*~ (stealth).
  3385 | D:4      | 3385 ||| READING scroll labelled DUD NOIGOI.
  3386 | D:4      | 3386 ||| READING 2 scrolls of identify.
  3386 | D:4      | 3386 ||| IDENTIFYING coppery potion
  3405 | D:5      | Entered Level 5 of the Dungeon
  3406 | D:5      | 3406 ||| PLANNING SEWER
  3447 | D:5      | Noticed Pikel
  3463 | D:5      | HP: 9/44 [Pikel/+2 whip of flaming (4)]
  3465 | D:5      | Slain by Pikel

Levels and vault maps discovered:
D:1:      heliophobic_arrival_ceremonial_halls, layout_rooms
D:2:      layout_basic, basic_altar,
          dreamdust_ecumenical_altar_angels_and_demons, uniq_jessica
D:3:      layout_loops_cross, chequers_serial_rivers_room_a,
          kennysheep_generic_room_8, uniq_terence
D:4:      layout_basic, lemuel_coloured_pillars_altar, grunt_decor_arrowhead,
          uniq_eustachio
D:5:      layout_basic, minmay_temple_entry_fiery, portal_sewer_entry_f,
          st_stairs_4, minmay_hollow_rounded_squares, uniq_pikel

Skill      XL: |  1  2  3  4  5  6 |
---------------+-------------------+-----
Axes           | 2 3 4 5 6 |  6.2
Fighting       | 4 |  4.5
Armour         | |  3.2
Dodging        | |  0.9
Shields        | |  3.2

Action                     |  1- 3 |  4- 6 |  7- 9 || total
---------------------------+-------+-------+-------++-------
  Melee: War axe           |    52 |   153 |    37 ||   242
  Throw: Boomerang         |    42 |    23 |       ||    65
    Use: Scroll            |     3 |     1 |     2 ||     6
         Potion            |       |     1 |       ||     1
 Armour: Scale mail        |    24 |     7 |       ||    31
         Chain mail        |       |    73 |    13 ||    86
  Dodge: Dodged            |    34 |   118 |    18 ||   170
  Block: Buckler           |    14 |    35 |     4 ||    53

Table legend:
 A = Non-vault XP
 B = Vault XP
 C = Vault XP percentage of total XP
 D = Non-vault monster count
 E = Vault monster count
 F = Vault count percentage of total count
                 A         B        C        D         E       F
            +---------+---------+-------+---------+---------+-------
      Total |     434 |     283 |  39.5 |      86 |       5 |   5.5
            +---------+---------+-------+---------+---------+-------
        D:1 |      40 |       0 |   0.0 |      27 |       0 |   0.0
        D:2 |      39 |      37 |  48.7 |      18 |       1 |   5.3
        D:3 |      46 |      43 |  48.3 |      18 |       3 |  14.3
        D:4 |     309 |     203 |  39.6 |      23 |       1 |   4.2
            +---------+---------+-------+---------+---------+-------
